 Dungeon Crawl Stone Soup version 0.30-a0-743-gbfdf073431 (webtiles) character file.

Game seed: 2686149129671901873

123 M4edhros the Sneak (level 5, -6/36 HPs)
             Began as an Octopode Delver on Feb 7, 2023.
             Killed by nerve-wracking pain
             ... invoked by an orc priest
              (12 damage)
             ... on level 5 of the Dungeon.
             The game lasted 00:00:37 (108 turns).

M4edhros the Sneak (Octopode Delver)                 Turns: 108, Time: 00:00:38

Health: -6/36      AC:  1    Str: 11    XL:     5   Next: 7%
Magic:  5/5        EV: 13    Int: 13    God:
Gold:   32         SH:  0    Dex: 15    Spells: 4/4 levels left

rFire   . . .      SeeInvis .      - Unarmed
rCold   . . .      Faith    .    (no shield)
rNeg    . . .      Spirit   .    (helmet restricted)
rPois   .          Reflect  .    (no amulet)
rElec   .          Harm     .    (no ring)
rCorr   .          Rampage  .    (no ring)
Will    .....                    (no ring)
Stlth   ++++                     (no ring)
HPRegen 0.26/turn                (no ring)
MPRegen 0.09/turn                (no ring)
                                 (no ring)
                                 (no ring)

@: hasted, very quick
A: almost no armour, amphibious, 8 rings, camouflage 1, gelatinous body 1,
(nimble swimmer 1), tentacles
a: no special abilities


You were on level 5 of the Dungeon.
You visited 1 branch of the dungeon, and saw 2 of its levels.

You collected 32 gold pieces.

Inventory:

Wands
 e - a wand of digging (3)
Scrolls
 a - a scroll of fog
 b - a scroll of magic mapping
 c - 2 scrolls of fear
 f - a scroll of identify {unknown}
 g - a scroll of blinking {unknown}
 h - 2 scrolls of teleportation {unknown}
Potions
 d - a potion of haste


   Skills:
 - Level 3.0 Fighting
 - Level 2.0 Dodging
 - Level 6.6 Stealth
 + Level 5.1 Unarmed Combat


You had 4 spell levels left.
You didn't know any spells.
Your spell library was empty.

Dungeon Overview and Level Annotations

Branches:
Dungeon (6/15)
 Temple: D:4-7

Altars:
Zin


Innate Abilities, Weirdness & Mutations

You cannot wear most types of armour.
You are amphibious.
You can wear up to eight rings at the same time.
Your skin changes colour to match your surroundings (Stealth+).
Your rubbery body absorbs attacks. (AC +1, EV +1)
((You are camouflaged when in or above water. (Stealth+)))
You have tentacles for arms and can constrict up to eight enemies at once.


Message History

An orc priest comes into view. It is wielding a +0 dagger.
Found a robe.
You enter the deep water.
The orc priest shouts! x2; You hear a shout!
The orc priest invokes the aid of Beogh against you.
Beogh smites you!
* * * LOW HITPOINT WARNING * * *
You tentacle-slap the orc priest but do no damage.
You grab the orc priest. You tentacle-slap the orc priest.
The orc priest is moderately wounded.
You constrict the orc priest, but do no damage.
The orc priest hits you with a +0 hand axe.
* * * LOW HITPOINT WARNING * * *
Okay, then.
You tentacle-slap the orc priest.
The orc priest is heavily wounded.
You constrict the orc priest. You tentacle-slap the orc priest.
The orc priest is almost dead.
You constrict the orc priest.
You kill the orc priest!
The orc priest miscasts a cantrip.
Your Unarmed Combat skill increases to level 5!
You have reached level 5!
You feel clever.
You start resting.
An orc priest is nearby!
You tentacle-slap the orc priest. Your grab misses the orc priest.
Your squeeze misses the orc priest.
The orc priest is lightly wounded.
You tentacle-slap the orc priest. Your grab misses the orc priest.
The orc priest is moderately wounded.
The orc priest barely misses you.
You tentacle-slap the orc priest. Your grab misses the orc priest.
The orc priest is severely wounded.
You tentacle-slap the orc priest. Your grab misses the orc priest.
The orc priest is severely wounded.
The orc priest invokes the aid of Beogh against you.
Pain shoots through your body!
You die...

###
.....#####
#.....### ###
#.###@o.#
..#########.#
#..[......##
#.≈≈≈≈≈≈≈)#
#≈..≈≈≈..≈#
#≈.≈...≈.≈#
#≈.≈._.≈o≈#
#≈.≈...≈.≈#
#≈..≈≈≈..≈#


You could see an orc priest.

Vanquished Creatures
  A bullfrog (D:6)
  A hound (D:5)
  An orc priest (D:5)
3 creatures vanquished.

Notes
Turn   | Place    | Note
-------+----------+-------------------------------------------
     0 | D:5      | M4edhros the Octopode Delver began the quest for the Orb.
     0 | D:5      | Reached XP level 1. HP: 16/16 MP: 1/1
    16 | D:5      | Noticed a hound
    26 | D:5      | Killed a hound
    27 | D:5      | Reached XP level 2. HP: 6/21 MP: 2/2
    27 | D:5      | Reached XP level 3. HP: 8/26 MP: 3/3
    42 | D:6      | Noticed a bullfrog
    49 | D:6      | Killed a bullfrog
    50 | D:6      | Reached XP level 4. HP: 6/31 MP: 4/4
    79 | D:5      | Found a glowing silver altar of Zin.
    95 | D:5      | Reached skill level 5 in Unarmed Combat
    95 | D:5      | Reached XP level 5. HP: 4/36 MP: 5/5
   108 | D:5      | Killed from afar by an orc priest

Illustrated notes

Levels and vault maps discovered:
D:5:      layout_loops_ring, mainiacjoe_overflow_paths,
          gammafunk_temple_overflow_arena, lemuel_coloured_pillars_altar,
          minmay_temple_entry_glassed_door, serial_shops,
          nicolae_shop_hallway_plus, water_boxes_lemuel, uniq_sigmund
D:6:      layout_loops_ring, lemuel_round_altar, serial_undead, serial_undead_c,
          serial_undead_a, serial_undead_b, serial_undead_b, serial_undead_d,
          serial_undead_c

Skill      XL: |  1  2  3  4 |
---------------+-------------+-----
Unarmed Combat | 3 4 5 |  5.1
Fighting       | |  3.0
Dodging        | |  2.0
Stealth        | |  6.6

Action                     |  1- 3 |  4- 6 || total
---------------------------+-------+-------++-------
  Melee: Unarmed           |     9 |     7 ||    16
         Constrict         |     2 |     1 ||     3
         Tentacles         |     2 |       ||     2
         Punch             |       |     1 ||     1
    Use: Potion            |       |     1 ||     1
  Dodge: Dodged            |     4 |     1 ||     5

Table legend: (Time is in decaauts)
 A = Elapsed time spent in this place.
 B = Non-inter-level travel time spent in this place.
 C = Inter-level travel time spent in this place.
 D = Time resting spent in this place.
 E = Time spent auto-exploring this place.
 F = Levels seen in this place.
 G = Mean time per level.
                   A        B        C        D        E       F      G
               +--------+--------+--------+--------+--------+-----+--------+
         Total |     99 |     99 |      0 |      3 |     15 |   2 |   49.5 |
       Dungeon |     99 |     99 |      0 |      3 |     15 |   2 |   49.5 |
               +--------+--------+--------+--------+--------+-----+--------+

Top non-repeatable levels by time:
     D:5: 75 daAuts
     D:6: 23 daAuts
